AoeStats
← Nawelson

Arabia

510376474Analyzed
1v1 RM · 1d ago on Sep 30, 2026· 31m 19s· 2 players
Game mode
Random Map
Map size
Tiny (2 player)
Population
200
Speed
Normal
Resources
Standard
Victory
Conquest
Starting age
Dark Age
Ending age
Imperial Age
RankedLock teamsTeams togetherTeam positionsShared explorationLock speedFull tech treeHidden civsTurbo modeCheats
Victory
Defeat
🇺🇸 Sicilians · United States
1695
+12
🇦🇷 Ethiopians · Argentina
1617
-12
Nawelson
6:49 Loom
9:17 Feudal Age
9:51 Double-Bit Axe
10:24 Horse Collar
14:04 Fletching
15:38 Scale Barding Armor
17:13 Town Watch
18:46 Wheelbarrow
19:48 Padded Archer Armor
20:23 Padded Archer Armor
23:40 Castle Age
22:06 Gold Mining
24:19 Bodkin Arrow
23:45 Crossbowman
26:28 Bow Saw
28:48 Hand Cart
Collllin
6:38 Loom
8:50 Feudal Age
13:26 Fletching
19:17 Double-Bit Axe
22:27 Castle Age
20:33 Padded Archer Armor
20:46 Horse Collar
22:28 Crossbowman
23:04 Bodkin Arrow
23:25 Bow Saw
23:51 Gold Mining
28:38 Wheelbarrow
29:39 Ballistics
Connection lost

Rejoining the realm…

Still unreachable

The connection could not be restored.

Session expired

The server has moved on; the page needs a fresh start.